Selects Australian Defense Battlegroup
Selects Australian Light Infantry Section
Australian Light Infantry Section
Construct Section Command Post
Australian Light Infantry Section
Construct Platoon Command Post
Selects 2-pounder Anti-tank Gun Team
2-pounder Anti-tank Gun Team
Construct Field Infirmary
Unlock M3 Stuart Light Tanks
Selects Vehicle Over Repair
Selects CMP 15cwt Supply Run
Selects Artillery Trip Wire Flares
2-pounder Anti-tank Gun Team
Construct Company Command Post
2-pounder Anti-tank Gun Team
Selects Archer Tank Destroyer
Unlock M3 Grant Medium Tanks